Map: Prion Terraces

Players

MorN - Winner!

  • Race: Terran Terran
  • League: Master

lunar

  • Race: Zerg Zerg
  • League: Diamond

VOD

Have the link to the VOD?

Description

Time

  • Played on: Dec. 7, 2015, 1:13 a.m.
  • Length: 11:31
Show
View Real Time Build Order
Export as new Build Order

MorN Terran - Winner!

Build Orders: Reaper Expand, MMM Bio 

Get SALT Encoding   

  12  0:00  SCV  
  13  0:13  SCV  
  14  0:17  Supply Depot  
  14  0:25  SCV  
  15  0:38  SCV  
  15  0:39  Barracks  
  16  0:44  Refinery  
  16  0:53  SCV  
  17  1:05  SCV  
  18  1:17  SCV  
  19  1:28  Reaper  
  19  1:29  Orbital Command  
  20  1:39  Command Center  
  20  1:49  Supply Depot  
  20  1:55  SCV  
  21  2:05  Barracks Reactor  
  21  2:08  Barracks  
  21  2:14  Barracks  
  21  2:17  SCV  
  22  2:29  SCV  
  23  2:41  Marine x2  
  24  2:44  SCV  
  25  2:52  Factory, Orbital Command  
  25  2:53  Refinery  
  25  2:54  Barracks Tech Lab  
  25  2:58  SCV  
  25  2:59  Marine x2  
  25  3:03  Marine  
  29  3:11  SCV  
  30  3:14  Stimpack, Marine  
  30  3:23  SCV, Marine x3  
  30  3:25  SCV  
  35  3:32  Marine  
  36  3:38  Supply Depot  
  36  3:40  Starport  
  36  3:43  Factory Reactor  
  36  3:44  SCV x2  
  36  3:47  Marine  
  39  3:48  Marine  
  39  3:50  Marine  
  39  3:53  Marine  
  42  3:56  SCV  
  42  3:57  SCV  
  44  4:02  Supply Depot  
  41  4:12  Marine x3  
  41  4:13  Marine  
  40  4:23  Supply Depot  
  38  4:28  Medivac x2  
  38  4:30  Marine  
  43  4:40  Marine x3  
  46  4:48  Marine  
  36  4:55  SCV  
  36  4:58  Marine x3  
  37  5:06  Marine  
  38  5:07  SCV  
  39  5:15  Marine x2  
  39  5:16  Orbital Command, Marine  
  39  5:19  SCV  
  43  5:23  Marine  
  42  5:33  Marine x3  
  44  5:40  SCV  
  44  5:41  Marine  
  46  5:51  Marine x3  
  46  5:52  SCV  
  46  5:54  Medivac x2  
  54  5:59  Factory Reactor  
  54  6:00  Supply Depot  
  54  6:07  Supply Depot x2  
  54  6:17  Combat Shields  
  54  6:22  SCV x2, Marine x4  
  60  6:34  SCV x2  
  60  6:36  Bunker  
  60  6:39  Marine  
  55  6:42  Barracks Tech Lab, Widow Mine, Medivac x2  
  55  6:43  Widow Mine  
  55  6:46  SCV  
  63  6:52  SCV, Marauder  
  66  6:58  SCV, Marine x2  
  66  7:00  Command Center  
  69  7:05  SCV  
  70  7:09  Supply Depot  
  70  7:13  Marine  
  71  7:16  Marine  
  70  7:24  Medivac, Marine x2  
  70  7:25  Medivac  
  76  7:30  Widow Mine  
  76  7:31  Marine  
  76  7:32  SCV x2  
  76  7:34  Marine  
  82  7:41  Marine  
  82  7:42  Marauder  
  85  7:51  Marine  
  85  7:55  Marauder  
  84  7:59  Marine  
  84  8:01  Medivac  
  84  8:03  Marine  
  86  8:09  Marine  
  86  8:11  Medivac  
  88  8:14  SCV  
  88  8:16  Refinery, Marine  
  88  8:17  Marine  
  91  8:20  Engineering Bay x2  
  91  8:21  Marauder  
  93  8:27  Marine  
  93  8:32  Bunker  
  93  8:33  Marine  
  93  8:34  Bunker  
  95  8:35  Marine  
  92  8:43  Marauder  
  92  8:45  Marine  
  85  8:51  Marine  
  85  8:53  Marine  
  72  9:03  Marine  
  72  9:04  Marauder  
  72  9:09  Marine  
  75  9:11  Marine  
  70  9:21  SCV x2, Marine  
  68  9:26  Marauder  
  68  9:27  Marine  
  68  9:28  Terran Infantry Weapons Level 1, Marine  
  68  9:29  Terran Infantry Armor Level 1  
  68  9:43  Marine  
  69  9:45  Marauder  
  69  9:46  Marine  
  69  9:47  Marauder  
  69  9:50  SCV  
  69  9:51  SCV  
  66  10:02  Marine  
  66  10:04  Marine  
  66  10:07  Marauder  
  68  10:09  Marine  
  67  10:18  Orbital Command  
  66  10:27  Marauder  
  68  10:29  Marauder, Marine  
  69  10:40  Marine  
  69  10:42  Medivac  
  72  10:46  Marine  
  72  10:48  Marauder  
  75  10:50  Marauder  
  77  10:58  Supply Depot  
  77  11:01  SCV x2, Marine  
  80  11:04  Marine  
  80  11:06  SCV  
  80  11:10  Marauder  
Show
View Real Time Build Order
Export as new Build Order

lunar Zerg 

Build Orders: Hatch First 

Get SALT Encoding   

  12  0:01  Drone  
  13  0:08  Drone  
  14  0:17  Overlord  
  16  0:35  Drone x3  
  17  0:54  Hatchery  
  17  0:56  Drone  
  17  0:58  Extractor  
  17  1:01  Drone  
  17  1:08  Drone  
  18  1:19  Spawning Pool  
  17  1:26  Drone  
  17  1:30  Drone  
  19  1:40  Drone  
  20  1:50  Overlord  
  20  2:07  Queen  
  22  2:09  Queen  
  22  2:10  Metabolic Boost  
  22  2:12  Zergling x2  
  25  2:17  Zergling x2  
  25  2:19  Drone  
  25  2:22  Drone  
  28  2:25  Drone  
  27  2:42  Drone x2  
  27  2:43  Drone  
  29  2:45  Drone  
  29  2:49  Drone  
  31  2:55  Drone  
  32  3:00  Drone  
  32  3:05  Overlord  
  33  3:06  Queen  
  33  3:10  Drone  
  35  3:22  Zergling x2  
  35  3:24  Zergling x2  
  35  3:25  Zergling x10  
  35  3:26  Zergling x2  
  42  3:34  Zergling x2  
  43  3:38  Overlord  
  43  3:47  Overlord  
  43  3:48  Overlord  
  43  4:08  Drone, Zergling x2  
  43  4:09  Drone x4  
  49  4:10  Drone x2  
  51  4:19  Overlord  
  51  4:20  Drone  
  52  4:25  Extractor  
  52  4:26  Overlord  
  52  4:27  Drone x2  
  52  4:28  Drone  
  52  4:29  Extractor  
  52  4:30  Extractor  
  52  4:35  Drone  
  53  4:43  Roach Warren  
  50  4:53  Hatchery  
  48  5:00  Drone x2  
  48  5:01  Overlord  
  48  5:04  Drone x2  
  48  5:05  Drone x4  
  56  5:10  Overlord  
  56  5:11  Lair  
  56  5:15  Overlord  
  49  5:36  Drone x2, Overlord  
  49  5:39  Overlord  
  49  5:41  Roach x3  
  57  5:47  Drone  
  57  5:48  Evolution Chamber  
  57  5:49  Drone x2  
  59  5:50  Evolution Chamber  
  59  5:54  Overlord  
  59  5:55  Roach  
  59  5:56  Overlord, Roach  
  62  6:05  Roach x3  
  68  6:11  Spine Crawler  
  68  6:14  Roach x3  
  68  6:15  Roach x2  
  68  6:16  Ravager x4  
  68  6:17  Ravager  
  82  6:19  Roach  
  82  6:24  Roach x2  
  82  6:25  Roach  
  90  6:28  Overlord  
  90  6:30  Zerg Missile Weapons Level 1  
  86  6:43  Roach x2  
  90  6:49  Drone x2, Queen  
  90  6:52  Overlord  
  90  6:53  Glial Reconstitution  
  94  7:04  Overlord, Drone  
  94  7:05  Drone  
  94  7:06  Spine Crawler  
  94  7:07  Drone  
  96  7:11  Drone  
  93  7:17  Queen  
  93  7:24  Drone x2  
  93  7:25  Drone  
  93  7:27  Spine Crawler  
  95  7:32  Roach x2  
  99  7:37  Drone  
  99  7:38  Drone x2  
  99  7:39  Extractor  
  99  7:40  Ravager  
  99  7:42  Ravager  
  102  7:49  Drone x3  
  103  8:01  Roach x2  
  103  8:02  Roach  
  103  8:03  Roach x2  
  111  8:10  Spine Crawler  
  102  8:13  Roach x2  
  102  8:14  Roach  
  102  8:15  Ravager x2  
  102  8:17  Roach  
  112  8:20  Spine Crawler  
  112  8:25  Spine Crawler  
  106  8:32  Roach x4  
  106  8:33  Roach  
  108  8:47  Roach  
  108  8:48  Roach x2  
  85  8:51  Roach x5  
  85  8:54  Roach  
  86  9:02  Roach  
  69  9:17  Roach  
  61  9:33  Queen  
  61  9:34  Overlord x2, Spine Crawler  
  61  9:35  Spine Crawler  
  61  9:36  Roach Warren  
  40  10:03  Overlord x2  
  40  10:04  Drone  
  41  10:08  Spine Crawler  
  41  10:09  Queen  
  24  10:40  Overlord x2  
  24  10:41  Roach  
  26  10:47  Roach  
  26  10:48  Drone  
  27  10:51  Extractor  
  27  10:55  Overlord  
  26  10:59  Roach  
  26  11:00  Hatchery  
  27  11:10  Roach Warren  
Tags
 
Add a new tag
Caveats
  • Supply blocks, unpowered buildings, or Contaminate may cause inaccurate times.
  • Supply counts are checked every 10 seconds.